 Dungeon Crawl Stone Soup version 0.27.1-4-g1640c2035a (webtiles) character file.

Game seed: 351786189636734612

2121 zeram the Basher (level 9, -3/51 HPs)
             Began as a Gargoyle Fighter on Nov 15, 2021.
             Was an Initiate of Gozag.
             Slain by a sixfirhy (8 damage)
             ... summoned by a kobold demonologist
             ... on level 10 of the Dungeon.
             The game lasted 00:14:50 (7323 turns).

zeram the Basher (Gargoyle Fighter)                 Turns: 7323, Time: 00:14:52

Health: -3/51      AC: 18    Str: 24    XL:     9   Next: 29%
Magic:  9/9        EV: 10    Int:  8    God:    Gozag
Gold:   743        SH:  0    Dex:  9    Spells: 8/8 levels left

rFire    . . .     SeeInvis +   a - +0 flail (freeze)
rCold    . . .     Faith    .   (no shield)
rNeg     + . .     Spirit   .   b - +0 scale mail
rPois    ∞         Reflect  .   o - +0 helmet {SInv}
rElec    +         Harm     .   (no cloak)
rCorr    .         Rampage  .   (no gloves)
Will     +....                  f - +1 pair of boots {Fly}
Stlth    ..........             (no amulet)
HPRegen  0.17/turn              d - ring of willpower
MPRegen  0.11/turn              m - +4 ring of slaying

@: about to teleport, flying, slowed, very slow
A: sickness immunity, AC +6, negative energy resistance 1, electricity
resistance, torment resistance 1, petrification resistance
a: Renounce Religion, Potion Petition, Call Merchant, Bribe Branch


You were on level 10 of the Dungeon.
You worshipped Gozag.
Gozag was pleased with you.
You visited 1 branch of the dungeon, and saw 8 of its levels.

You collected 872 gold pieces.
You spent 115 gold pieces at shops.
You paid 14 gold pieces to Gozag.

Inventory:

Hand Weapons
 a - a +0 flail of freezing (weapon)
Armour
 b - a +0 scale mail (worn)
 c - a +0 kite shield
 f - a +1 pair of boots of flying (worn)
 i - the +5 kite shield of Yredelemnul's Grace {Str+4 Int+4 Dex+3}
   (You found it on level 10 of the Dungeon)

   Str:       It affects your strength (+4).
   Int:       It affects your intelligence (+4).
   Dex:       It affects your dexterity (+3).
 o - a +0 helmet of see invisible (worn)
Jewellery
 d - a ring of willpower (left hand)
 m - a +4 ring of slaying (right hand)
Wands
 q - a wand of flame (39)
Scrolls
 g - a scroll of noise
 h - a scroll of summoning
 j - 3 scrolls of teleportation
Potions
 e - 2 potions of curing
 k - a potion of invisibility {unknown}
 l - 2 potions of degeneration {unknown}
 n - 5 potions of brilliance


   Skills:
 - Level 3.2 Fighting
 + Level 8.7 Maces & Flails
 + Level 7.5 Armour
 + Level 7.1 Shields


You had 8 spell levels left.
You didn't know any spells.
Your spell library contained the following spells:

 Spells                   Type           Power      Damage    Failure   Level
 Animate Skeleton         Necr           0%         N/A       67%         1
 Pain                     Necr           0%         1d4       67%         1
 Summon Small Mammal      Summ           0%         N/A       67%         1
 Call Canine Familiar     Summ           0%         N/A       96%         3
 Summon Guardian Golem    Hex/Summ       0%         N/A       96%         3
 Vampiric Draining        Necr           0%         2d6       96%         3
 Airstrike                Air            0%         N/A       100%        4
 Summon Lightning Spire   Summ/Air       0%         N/A       100%        4
 Lightning Bolt           Conj/Air       0%         1d11      100%        5


Dungeon Overview and Level Annotations

Branches:
Dungeon (7/15)             Temple (0/1) D:5

Altars:
Gozag
Hepliaklqana
Nemelex Xobeh
Okawaru
Vehumet

Shops:
D:2 !=*[   D:4 [


Innate Abilities, Weirdness & Mutations

You are immune to sickness and miasma.
Your stone body is resilient. (AC +6)
You are immune to poison.
You resist negative energy. (rN+)
You are resistant to electric shocks. (rElec)
You are resistant to unholy torment.
You are immune to petrification.


Message History

The kobold throws a stone.
The stone hits you but does no damage.
The kobold demonologist gestures wildly while chanting.
The kobold demonologist begins to cast a cantrip, but forgets the words!
You block the sixfirhy's attack.
The kobold demonologist looks satisfied for a moment.
You see here the +5 kite shield of Yredelemnul's Grace {Str+4 Int+4 Dex+3}.
i - the +5 kite shield of Yredelemnul's Grace {Str+4 Int+4 Dex+3}
Okay, then.
The sixfirhy hits you but does no damage.
Keep disrobing?
You block the sixfirhy's attack. The sixfirhy hits you.
The sixfirhy shocks you. You resist. The wraith hits you but does no damage.
You start removing your armour.
You continue taking off your +0 kite shield.
The sixfirhy hits you. The sixfirhy shocks you. You resist.
You block the sixfirhy's attack. The sixfirhy completely misses you.
You block the sixfirhy's attack. You block the wraith's attack.
You continue taking off your +0 kite shield.
The wraith hits you but does no damage.
The kobold demonologist casts a spell.
You continue taking off your +0 kite shield.
You block the wraith's attack.
You continue taking off your +0 kite shield.
The sixfirhy barely misses you.
The sixfirhy hits you but does no damage.
The wraith hits you! The wraith drains your vigour!
You feel yourself slow down. The sixfirhy hits you! The sixfirhy shocks you.
You resist.
* * * LOW HITPOINT WARNING * * *
The kobold demonologist hits you but does no damage.
You finish taking off your +0 kite shield.
As you read the scroll of teleportation, it crumbles to dust.
You feel strangely unstable. The sixfirhy hits you.
* * * LOW HITPOINT WARNING * * *
The sixfirhy shocks you. You resist.
* * * LOW HITPOINT WARNING * * *
The sixfirhy hits you but does no damage. x2
The sixfirhy hits you!
You die...
Your body crumbles into a pile of gold.

#.. ..# ##... ..
..... #.# ....# ..
...## ##.#
#..###..#
##..##..# #.K.KW@#
##...K3K##
##K.K.4K...#
###5$...#..##.#
...####...####..##
# ....KK.K### #.##
#....5K## ..#
##....# ..## ###5.


You could see a rust devil (summoned), 2 kobold demonologists, a sixfirhy
(summoned), a wraith, a crimson imp (summoned) and 5 kobolds.

Vanquished Creatures
  Maggie (D:6)
  An orc warrior (D:3)
  A sky beast (D:5)
  An ogre (D:4)
  2 necrophages (D:6)
  2 centaurs
  A phantom (D:5)
  Blork the orc (D:5)
  A bullfrog (D:6)
  2 scorpions
  A wyvern zombie (D:7)
  2 water moccasin zombies (D:5)
  A centaur zombie (D:7)
  4 hounds
  2 jellies
  2 bullfrog skeletons
  A centaur skeleton (D:4)
  2 orc priests
  Jessica (D:3)
  2 iguanas
  Natasha (thrice) (D:3)
  A scorpion zombie (D:5)
  An orc wizard (D:7)
  Ijyb (D:5)
  A hound skeleton (D:4)
  4 adders
  A white imp (D:7)
  An ufetubus (D:5)
  A worm (D:5)
  2 dart slugs (D:3)
  14 orcs
  8 endoplasms
  3 giant cockroaches (D:1)
  6 goblins
  8 hobgoblins
  4 jackals (D:1)
  A quokka (D:1)
  6 ball pythons
  6 bats
  4 frilled lizards
  6 kobolds
  9 rats
122 creatures vanquished.

Vanquished Creatures (others)
  2 orcs (D:6)
2 creatures vanquished.

Grand Total: 124 creatures vanquished

Notes
Turn   | Place    | Note
-------+----------+-------------------------------------------
     0 | D:1      | zeram the Gargoyle Fighter began the quest for the Orb.
     0 | D:1      | Reached XP level 1. HP: 14/14 MP: 1/1
   146 | D:1      | Reached XP level 2. HP: 7/19 MP: 2/2
   736 | D:1      | Reached XP level 3. HP: 23/23 MP: 3/3
  1434 | D:2      | Found Hidusef's Armour Shoppe.
  1932 | D:2      | Found Geptexoi's Assorted Antiques.
  2274 | D:2      | Found Jezap Yheres's Distillery.
  2402 | D:2      | Found Hiegafuf's Jewellery Shoppe.
  2798 | D:3      | Reached XP level 4. HP: 28/28 MP: 4/4
  2888 | D:3      | Noticed Natasha
  2895 | D:3      | Killed Natasha
  2896 | D:3      | Reached skill level 3 in Maces & Flails
  3092 | D:3      | Noticed Natasha
  3098 | D:3      | Killed Natasha
  3120 | D:3      | Noticed Natasha
  3134 | D:3      | Killed Natasha
  3135 | D:3      | Reached XP level 5. HP: 8/32 MP: 5/5
  3408 | D:3      | Found a sparkling altar of Nemelex Xobeh.
  3408 | D:3      | Found an iron altar of Okawaru.
  3482 | D:3      | Found an opulent altar of Gozag.
  3569 | D:3      | Became a worshipper of Gozag Ym Sagoz the Greedy
  3634 | D:3      | Reached skill level 4 in Maces & Flails
  3634 | D:3      | Reached XP level 6. HP: 21/37 MP: 6/6
  3635 | D:3      | Noticed Jessica
  3640 | D:3      | Killed Jessica
  4001 | D:4      | Noticed an orc warrior
  4006 | D:3      | Reached skill level 5 in Shields
  4016 | D:3      | Killed an orc warrior
  4017 | D:3      | Reached skill level 5 in Armour
  4505 | D:4      | Found Bihaadig's Antique Armour Emporium.
  4672 | D:4      | Reached skill level 5 in Maces & Flails
  4747 | D:4      | Reached XP level 7. HP: 39/41 MP: 7/7
  4934 | D:4      | Found a hazy altar of Hepliaklqana.
  5266 | D:2      | Bought a +0 helmet of see invisible for 115 gold pieces
  5304 | D:5      | Entered Level 5 of the Dungeon
  5342 | D:5      | Found a radiant altar of Vehumet.
  5501 | D:5      | Reached skill level 6 in Maces & Flails
  5564 | D:5      | Noticed Blork the orc
  5815 | D:5      | Reached XP level 8. HP: 43/46 MP: 8/8
  5853 | D:5      | Noticed Ijyb
  5867 | D:5      | Killed Ijyb
  5910 | D:5      | Found a staircase to the Ecumenical Temple.
  6048 | D:5      | Killed Blork the orc
  6377 | D:6      | Reached skill level 7 in Maces & Flails
  6415 | D:6      | Noticed Maggie
  6428 | D:6      | Killed Maggie
  6640 | D:6      | Reached skill level 8 in Maces & Flails
  6640 | D:6      | Reached XP level 9. HP: 48/51 MP: 9/9
  7307 | D:7      | You are sucked into a shaft and drop 3 floors!
  7307 | D:10     | Entered Level 10 of the Dungeon
  7307 | D:10     | Noticed a kobold demonologist
  7307 | D:10     | Noticed a kobold demonologist
  7310 | D:10     | Noticed a sixfirhy
  7316 | D:10     | Identified the +5 kite shield of Yredelemnul's Grace {Str+4
                  | Int+4 Dex+3}
  7321 | D:10     | Noticed a rust devil
  7323 | D:10     | Slain by a sixfirhy

Illustrated notes

Levels and vault maps discovered:
D:1:      onia_arrival_handbag, layout_basic, minmay_strange_pillars,
          minmay_misc_feat_iff, chequers_serial_rivers_marsh,
          minmay_pentomino_w2
D:2:      layout_basic, serial_shops, nicolae_shop_window_shopping,
          nicolae_shop_window_shopping, nicolae_shop_crystal, shop
D:3:      layout_loops_cross, grunt_gozag_breadcrumbs,
          chequers_temple_overflow_statue_of_worship, uniq_jessica, uniq_natasha
D:4:      layout_loops_ring, kennysheep_mini, serial_shops, shop_coins
D:5:      layout_rooms, mainiacjoe_overflow_boulevard, minmay_temple_entry_tees,
          minivault_4, minmay_misc_feat_five, kennysheep_small_spiral,
          hex_intersection, uniq_blork_the_orc, uniq_ijyb
D:6:      layout_basic, uniq_maggie
D:7:      layout_loops_cross, lemuel_tele_altar, minivault_22,
          chequers_serial_rivers_room_b, uniq_duvessa, uniq_menkaure
D:10:     layout_layer_cave, mainiacjoe_overflow_cross_hatched

Skill      XL: |  1  2  3  4  5  6  7  8  9 |
---------------+----------------------------+-----
Shields        | 4 5 6 7 |  7.1
Armour         | 4 5 6 7 |  7.5
Maces & Flails | 3 4 5 6 8 |  8.7
Fighting       | |  3.2

Action                   |  1- 3 |  4- 6 |  7- 9 || total
-------------------------+-------+-------+-------++-------
Melee: Flail             |   140 |   105 |   227 ||   472
  Use: Scroll            |     7 |     4 |     4 ||    15
       Potion            |     2 |     3 |     3 ||     8
Armor: Scale mail        |    95 |    66 |   138 ||   299
       Skin              |       |    13 |       ||    13
Dodge: Dodged            |    46 |    32 |    81 ||   159
Block: Kite shield       |    98 |    66 |   111 ||   275
